 Dungeon Crawl Stone Soup version 0.23.2 (webtiles) character file.

Game seed: 5859373504621650612

59 Roran the Sneak (level 4, -1/38 HPs)
             Began as a Naga Transmuter on Apr 1, 2019.
             Slain by a gnoll (8 damage)
             ... on level 2 of the Dungeon.
             The game lasted 00:10:48 (2034 turns).

Roran the Sneak (Naga Transmuter)                   Turns: 2034, Time: 00:10:52

Health: -1/38      AC:  2    Str: 13    XL:     4   Next: 3%
Magic:  0/7        EV: 10    Int: 14    God:
Gold:   75         SH:  0    Dex: 11    Spells: 1/7 levels left

rFire    + . .     SeeInvis +     - Unarmed
rCold    . . .     Gourm    .   (no shield)
rNeg     . . .     Faith    .   b - +0 robe
rPois    +         Spirit   .   (no helmet)
rElec    .         Reflect  .   (no cloak)
rCorr    .         Harm     .   (no gloves)
MR       .....     Rnd*Tele +   (no barding)
Stlth    ++........             (no amulet)
HPRegen  0.12/turn              c - ring of protection from fire
MPRegen  0.10/turn              l - ring of teleportation (curse)

@: short of breath, very slow
A: large, see invisible, deformed body, poison resistance, slowness 2, slow
metabolism 1, spit poison 1, AC +1
a: Spit Poison


You were on level 2 of the Dungeon.
You were not hungry.

You visited 1 branch of the dungeon, and saw 2 of its levels.

You collected 75 gold pieces.

Inventory:

Missiles
 a - 19 arrows
Armour
 b - a +0 robe (worn)
Jewellery
 c - a ring of protection from fire (left hand)
 l - a cursed ring of teleportation (right hand)
Wands
 k - a wand of paralysis (13)
Scrolls
 i - 6 scrolls of identify
Potions
 e - a potion of haste
 f - a potion of brilliance
 g - a potion of agility {unknown}
Comestibles
 d - 6 rations
 h - 2 chunks of flesh


   Skills:
 - Level 1.0 Fighting
 - Level 1.5 Dodging
 * Level 3.9 Stealth
 - Level 3.0 Unarmed Combat
 - Level 2.0 Spellcasting
 * Level 3.2 Transmutations


You had one spell level left.
You knew the following spells:

 Your Spells              Type           Power        Failure   Level  Hunger
a - Beastly Appendage     Tmut           ##....       6%          1    ##.....
b - Sticks to Snakes      Tmut           ##......     10%         2    ###....
c - Spider Form           Tmut/Pois      #.........   36%         3    ####...

Your spell library contained the following spells:

 Spells                   Type           Power        Failure   Level  Hunger
 Ice Form                 Ice/Tmut       #.......     77%         4    #####..
 Blade Hands              Tmut           ##........   87%         5    ######.


Dungeon Overview and Level Annotations

Branches:
Dungeon (2/15)

Altars:
Okawaru


Innate Abilities, Weirdness & Mutations

You cannot wear boots.
Your serpentine skin is tough. (AC +1)
You have supernaturally acute eyesight. (SInv)
Armour fits poorly on your strangely shaped body.
Your system is resistant to poisons. (rPois)
You cover ground very slowly.
You have a slow metabolism.
You can spit poison.


Message History

The scroll dissolves into smoke.
Your ball python bites the goblin.
Your ball python constricts the goblin.
The goblin dies!
You hear a splash.
Your ball python bites the orc.
Your ball python constricts the orc.
The orc hits you.
* * * LOW HITPOINT WARNING * * *
The gnoll hits you.
* * * LOW HITPOINT WARNING * * *
Your ball python bites the goblin.
Your ball python constricts the goblin.
The goblin hits you but does no damage.
Your ball python bites the orc.
Why would you want to do that?
Unknown command.
You enter the shallow water.
Moving in this stuff is going to be slow.
Your ball python bites the orc.
The orc dies!
Your ball python loses its grip on the goblin.
The gnoll hits you!
You die...

.........#.#....##
........)#.##...##
...........##.(.##
.###.....#.##(####
###_###...#........
#.≈.≈##........(...
##§SS.#..##.....###
#.§§S##..##.......#
##@§g§#..##.......#
#§§g§##...........#
##§§§.#####....##.#
##+########.####.#
##............
..........##..
#........###.
#........#...
#####........#...


You could see a gnoll, a goblin and 3 friendly ball pythons.

Vanquished Creatures
  An adder (D:2)
  A dart slug (D:1)
  2 leopard geckos (D:2)
  5 bats
  2 giant cockroaches
  7 hobgoblins
  2 jackals (D:2)
  2 quokkas (D:2)
  2 ball pythons
  3 frilled lizards
  2 goblins (D:2)
  4 kobolds
  3 rats (D:1)
36 creatures vanquished.

Vanquished Creatures (collateral kills)
  2 orcs (D:2)
  2 goblins (D:2)
  A quokka (D:2)
  A rat (D:1)
6 creatures vanquished.

Grand Total: 42 creatures vanquished

Notes
Turn   | Place    | Note
-------+----------+-------------------------------------------
     0 | D:1      | Roran the Naga Transmuter began the quest for the Orb.
     0 | D:1      | Reached XP level 1. HP: 18/18 MP: 3/3
    54 | D:1      | Reached skill level 1 in Stealth
   377 | D:1      | Reached XP level 2. HP: 25/25 MP: 5/5
   554 | D:1      | Learned a level 2 spell: Sticks to Snakes
  1060 | D:2      | Reached XP level 3. HP: 28/31 MP: 6/6
  1726 | D:2      | Learned a level 3 spell: Spider Form
  2024 | D:2      | Found an iron altar of Okawaru.
  2032 | D:2      | Reached XP level 4. HP: 13/38 MP: 0/7
  2034 | D:2      | Slain by a gnoll

Skill      XL: |  1  2  3 |
---------------+----------+-----
Stealth        | 1 2 3 |  3.9
Transmutations | 3 |  3.2
Fighting       | |  1.0
Dodging        | |  1.5
Unarmed Combat | |  3.0
Spellcasting   | |  2.0

Action                   |  1- 3 |  4- 6 || total
-------------------------+-------+-------++-------
Melee: Unarmed           |    64 |       ||    64
       Headbutt          |     7 |       ||     7
 Cast: Beastly Appendage |     9 |       ||     9
       Sticks to Snakes  |     9 |       ||     9
 Abil: Spit Poison       |    32 |     1 ||    33
  Use: Potion            |     6 |       ||     6
       Scroll            |     5 |     1 ||     6
 Stab: Sleeping          |     1 |       ||     1
  Eat: Chunk             |     5 |       ||     5
Armor: Robe              |    14 |     1 ||    15
Dodge: Dodged            |    71 |     2 ||    73
